 Dungeon Crawl Stone Soup version 0.18-b1-22-ge198996 (webtiles) character file.

210 RudyRod the Firebug (level 5, -2/37 HPs)
             Began as a Demonspawn Fire Elementalist on May 4, 2016.
             Slain by a killer bee (3 damage)
             ... on level 3 of the Dungeon.
             The game lasted 00:15:12 (2501 turns).

RudyRod the Firebug (Demonspawn Fire Elementalist)  Turns: 2501, Time: 00:15:13

Health: -2/37      AC:  2    Str:  8    XL:     5   Next: 56%
Magic:  6/9        EV: 13    Int: 22    God:
Gold:   156        SH:  4    Dex: 13    Spells: 2 memorised, 7 levels left

rFire  . . .     SeeInvis .     i - +2 spear (freeze)
rCold  . . .     Gourm    .     a - +0 robe
rNeg   . . .     Faith    .     (no shield)
rPois  +         Spirit   .     (no helmet)
rElec  .         Dismiss  .     (no cloak)
rCorr  .         Reflect  +     (no gloves)
SustAt .         Harm     .     (no boots)
MR     .....                    s - +4 amulet of reflection (curse)
Stlth  ++........               m - ring of poison resistance
                                k - +4 ring of intelligence

@: lethally poisoned (-2 -> -2), not resistant to hostile enchantments,
unstealthy
A: powered by death 1, rot immunity
a: no special abilities


You were on level 3 of the Dungeon.
You were hungry.

You visited 1 branch of the dungeon, and saw 3 of its levels.

You collected 156 gold pieces.

Inventory:

Hand Weapons
 e - a +0 club
 i - a +2 spear of freezing (weapon)
 j - a +4 hand axe
Armour
 a - a +0 robe (worn)
Jewellery
 k - a +4 ring of intelligence (left hand)
 m - a ring of poison resistance (right hand)
 s - a cursed +4 amulet of reflection (around neck)
Scrolls
 f - a scroll of recharging {unknown}
 h - a scroll of identify
 p - a scroll of random uselessness {unknown}
 t - 2 scrolls of fog
Potions
 g - a potion of flight {unknown}
 l - 2 potions of invisibility {unknown}
 o - 2 potions of degeneration {unknown}
 q - a potion of lignification {unknown}
 r - a potion of haste {unknown}
 v - a potion of agility {unknown}
Books
 b - a book of Flames

   Spells                             Type                      Level
   a - Flame Tongue                   Conjuration/Fire             1
   b - Throw Flame                    Conjuration/Fire             2
   c - Conjure Flame                  Conjuration/Fire             3
   d - Inner Flame                    Hexes/Fire                   3
   e - Sticky Flame                   Conjuration/Fire             4
   f - Fireball                       Conjuration/Fire             5
Comestibles
 c - 3 bread rations
 d - 3 chunks of flesh
 n - a beef jerky
 u - 3 meat rations


   Skills:
 + Level 1.1 Fighting
 + Level 0.1 Polearms
 + Level 2.7 Dodging
 + Level 2.0 Stealth
 + Level 3.1 Spellcasting
 + Level 2.2 Conjurations
 + Level 3.9 Fire Magic


You had 7 spell levels left.
You knew the following spells:

 Your Spells              Type           Power        Failure   Level  Hunger
a - Flame Tongue          Conj/Fire      ###..        4%          1    None
b - Throw Flame           Conj/Fire      ###...       8%          2    ##.....


Dungeon Overview and Level Annotations

Branches:
Dungeon (3/15)

Altars:
Okawaru
Sif Muna


Innate Abilities, Weirdness & Mutations

You regenerate a little health from kills.
You are immune to rotting.


Message History

Confirm with . or Enter, or press ? or * to list all spells.
Aiming: Flame Tongue
Press: ? - help, Shift-Dir - straight line, f/p - killer bee
Aim: a killer bee (heavily wounded)
The flame tongue hits the killer bee.
You kill the killer bee!
Your Spellcasting skill increases to level 3!
You feel sick. You block the killer bee's attack. The killer bee stings you.
* * * LOW HITPOINT WARNING * * *
You feel sick.
Read which item? (? for menu, Esc to quit)
As you read the scroll labeled PERASO VIUKA, it crumbles to dust.
It is a scroll of identify.
Identify which item? (\ to view known items) (? for menu, Esc to quit)
t - 2 scrolls of fog The killer bee barely misses you.
The killer bee stings you.
* * * LOW HITPOINT WARNING * * *
* * * LOW HITPOINT WARNING * * *
You feel sick. The killer bee stings you.
You die... #..# #..# #..# #y.# # #yy

# #.# # #############.# #
#....@yy†yy...# #
#.############# #.## #.#
#.## #.# #.## #.# #.##
####.# #.## #....# #.##
#.#### #.##
#.####################.##


You could see 4 killer bees.

Vanquished Creatures
  A killer bee (D:3)
  An orc priest (D:3)
  3 gnolls (D:2)
  3 adders (D:2)
  An ooze (D:3)
  2 worms (D:2)
  2 dart slugs (D:1)
  3 giant geckos
  4 orcs (D:3)
  3 giant cockroaches
  7 goblins
  4 hobgoblins
  5 jackals (D:2)
  2 ball pythons (D:1)
  9 bats
  6 giant newts
  5 kobolds
  4 rats
65 creatures vanquished.

Notes
Turn   | Place    | Note
--------------------------------------------------------------
     0 | D:1      | RudyRod the Demonspawn Fire Elementalist began the quest for the Orb.
     0 | D:1      | Reached XP level 1. HP: 13/13 MP: 3/3
   376 | D:1      | Gained mutation: You are immune to rotting. [demonic ancestry]
   376 | D:1      | Reached XP level 2. HP: 19/19 MP: 0/5
   462 | D:1      | Found an iron altar of Okawaru.
  1013 | D:1      | Gained mutation: You regenerate a little health from kills. [demonic ancestry]
  1013 | D:1      | Reached XP level 3. HP: 24/24 MP: 2/6
  1461 | D:2      | Reached skill level 1 in Fighting
  1569 | D:2      | Reached XP level 4. HP: 15/32 MP: 1/7
  1968 | D:2      | Learned a level 2 spell: Throw Flame
  2085 | D:3      | Reached XP level 5. HP: 37/37 MP: 7/9
  2119 | D:3      | Found a deep blue altar of Sif Muna.
  2500 | D:3      | HP: 1/37 [killer bee (5)]
  2501 | D:3      | Slain by a killer bee

Skill      XL: |  1  2  3  4  5 |
---------------+----------------+-----
Dodging        | 2 |  2.7
Fire Magic     | 3 |  3.9
Fighting       | 1 |  1.1
Conjurations   | 2 |  2.2
Stealth        | 2 |  2.0
Spellcasting   | 3 |  3.1
Polearms       | |  0.1

Action                   |  1- 3 |  4- 6 || total
-------------------------+-------+-------++-------
Melee: Unarmed           |     9 |       ||     9
       Spear             |     8 |    20 ||    28
       Club              |     4 |       ||     4
 Cast: Flame Tongue      |    67 |    38 ||   105
       Throw Flame       |       |     3 ||     3
  Use: Scroll            |       |     1 ||     1
  Eat: Chunk             |     2 |     3 ||     5
Armor: Robe              |     6 |     3 ||     9
Dodge: Dodged            |    41 |    18 ||    59
Block: Other             |       |     7 ||     7
